 Dungeon Crawl Stone Soup version 0.26-a0-597-gb535b0901c (webtiles) character file.

Game seed: 567537033019557728

294959 Apogee the Convoker (level 20, -1/158 HPs)
             Began as a Gnoll Venom Mage on Sept 8, 2020.
             Was the Champion of Cheibriados.
             Slain by Sojobo
             ... wielding a +0 great sword of flaming
              (17 damage)
             ... on level 3 of the Vaults.
             The game lasted 02:42:55 (59147 turns).

Apogee the Convoker (Gnoll Venom Mage)             Turns: 59147, Time: 02:42:55

Health: -1/158     AC: 22    Str: 33    XL:     20   Next: 87%
Magic:  9/34       EV: 29    Int: 41    God:    Cheibriados [******]
Gold:   2148       SH: 23    Dex: 31    Spells: 9/47 levels left

rFire    + . .     SeeInvis +   X - +0 broad axe (drain)
rCold    + . .     Faith    .   G - +2 kite shield
rNeg     . . .     Spirit   .   K - +6 leather armour of Summertime {Int+4}
rPois    .         Reflect  +   t - +1 helmet {Int+3}
rElec    .         Harm     .   U - +2 cloak of Boxur {SInv Stlth+}
rCorr    .                      V - +0 pair of gloves
MR       +....                  E - +2 pair of boots
Stlth    +++++++...             P - amulet of reflection
HPRegen  0.36/turn              W - ring of Winter {rF+ rC+}
MPRegen  0.24/turn              S - ring of wizardry

@: lethally poisoned (-1 -> -1), studying Summonings, very slow
A: distributed training, fangs 1, low mp 1, strong nose
}: 2/15 runes: decaying, gossamer
a: Bend Time, Temporal Distortion, Slouch, Step From Time, Renounce Religion


You were on level 3 of the Vaults.
You worshipped Cheibriados.
Cheibriados was exalted by your worship.
You visited 6 branches of the dungeon, and saw 34 of its levels.
You visited the Abyss 2 times.
You also visited: Gauntlet.

You collected 4387 gold pieces.
You spent 2239 gold pieces at shops.

Inventory:

Hand Weapons
 b - a +2 flail of protection
   (You took it off Edmund on level 6 of the Dungeon)
 B - a +4 broad axe
   (You took it off a death knight on level 2 of the Vaults)
 X - a +0 broad axe of draining (weapon)
   (You took it off an orc knight on level 1 of the Vaults)
Missiles
 T - a throwing net {!f}
 Y - 20 javelins (quivered)
Armour
 t - a +1 helmet of intelligence (worn)
   (You acquired it on level 2 of the Abyss)
 E - a +2 pair of boots (worn)
   (You found it on level 1 of the Spider Nest)
 G - a +2 kite shield (worn)
   (You found it on level 8 of the Dungeon)
 K - the +6 leather armour of Summertime (worn) {Int+4}
   (You found it on level 1 of the Lair of Beasts)

   It affects your intelligence (+4).
 U - the +2 cloak of Boxur (worn) {SInv Stlth+}
   (You found it in a Gauntlet)

   It lets you see invisible.
   It makes you more stealthy.
 V - a +0 pair of gloves (worn)
   (You found it on level 12 of the Dungeon)
Jewellery
 i - an uncursed ring of protection from fire
   (You found it on level 2 of the Abyss)
 o - an uncursed ring of protection from cold
   (You found it on level 3 of the Lair of Beasts)
 p - an uncursed ring of positive energy
   (You found it on level 2 of the Dungeon)
 u - the ring "Xoth" {rPois rF- Slay+2 SInv}
   (You bought it in a shop on level 2 of the Orcish Mines)

   [ring of see invisible]

   It affects your accuracy and damage with ranged weapons and melee attacks
   (+2).
   It makes you vulnerable to fire.
   It protects you from poison.
   It lets you see invisible.
 J - an uncursed ring of flight
   (You found it on level 8 of the Dungeon)
 O - an uncursed ring of resist corrosion
   (You took it off an orc on level 8 of the Dungeon)
 P - an amulet of reflection (around neck)
   (You bought it in a shop on level 10 of the Dungeon)
 S - a ring of wizardry (right hand)
   (You found it on level 15 of the Dungeon)
 W - the ring of Winter (left hand) {rF+ rC+}
   (You bought it in a shop on level 2 of the Orcish Mines)

   [ring of protection from cold]

   It protects you from fire.
   It protects you from cold.
Wands
 a - a wand of enslavement (12)
   (You found it on level 3 of the Swamp)
 c - a wand of disintegration (29)
   (You found it on level 2 of the Swamp)
 v - a wand of digging (15)
   (You found it on level 1 of the Swamp)
 x - a wand of acid (28)
   (You found it on level 15 of the Dungeon)
 Q - a wand of polymorph (8)
   (You found it on level 4 of the Spider Nest)
Scrolls
 h - 8 scrolls of enchant weapon
 k - 9 scrolls of identify {@r1}
 l - 17 scrolls of remove curse {@r2}
 n - 5 scrolls of magic mapping
 s - a scroll of holy word
 w - 7 scrolls of enchant armour
 y - 9 scrolls of amnesia
 A - 7 scrolls of immolation {!r}
 C - 10 scrolls of teleportation {@r4}
 F - 5 scrolls of fog
 H - 6 scrolls of vulnerability {!r}
 M - 5 scrolls of blinking
 N - 5 scrolls of fear
 Z - 2 scrolls of summoning
Potions
 d - 2 potions of lignification {!q}
 e - 2 potions of invisibility
 f - 6 potions of mutation {!q}
 g - 2 potions of heal wounds {@q2}
 j - 13 potions of ambrosia
 m - 5 potions of might
 r - 6 potions of brilliance
 z - 5 potions of flight
 D - 13 potions of curing {@q1}
 I - a potion of resistance {unknown}
 R - 2 potions of magic
Books
 q - a manual of Summonings {!d}
   (You found it on level 8 of the Dungeon)
Miscellaneous
 L - a phantom mirror
   (You found it on level 15 of the Dungeon)


   Skills:
 + Level 13.6 Fighting
 + Level 13.6 Short Blades
 + Level 13.6 Long Blades
 + Level 13.6 Axes
 + Level 13.6 Maces & Flails
 + Level 13.6 Polearms
 + Level 13.6 Staves
 + Level 13.6 Slings
 + Level 13.6 Bows
 + Level 13.6 Crossbows
 + Level 13.6 Throwing
 + Level 13.6 Armour
 + Level 14.2 Dodging
 + Level 14.1 Stealth
 + Level 13.6 Shields
 + Level 13.6 Unarmed Combat
 + Level 14.3 Spellcasting
 + Level 11.7 Conjurations
 + Level 11.7 Hexes
 + Level 15.3 Summonings
 + Level 11.7 Necromancy
 + Level 11.7 Translocations
 + Level 11.9 Transmutations
 + Level 11.7 Fire Magic
 + Level 11.7 Ice Magic
 + Level 11.7 Air Magic
 + Level 11.7 Earth Magic
 + Level 12.7 Poison Magic
 + Level 14.7 Invocations
 + Level 13.6 Evocations


You had 9 spell levels left.
You knew the following spells:

 Your Spells              Type           Power        Failure   Level
b - Ignite Poison         Fire/Tmut/Pois #######.     1%          3
c - Apportation           Tloc           ######       0%          1
d - Iskenderun's Mystic   Conj/Tloc      #######.     1%          4
e - Invisibility          Hex            #######.     1%          6
f - Malign Gateway        Summ/Tloc      #######...   1%          7
g - Borgnjor's Vile Clut  Necr/Erth      #######...   1%          5
q - Passwall              Tmut/Erth      #######.     0%          2
v - Passage of Golubria   Tloc           N/A          1%          4
x - Poisonous Vapours     Pois/Air       ######       0%          2
y - Olgreb's Toxic Radia  Pois           #######.     1%          4

Your spell library contained the following spells:

 Spells                   Type           Power        Failure   Level
 Animate Skeleton         Necr           ######       0%          1
 Beastly Appendage        Tmut           ######       0%          1
 Corona                   Hex            #######      0%          1
 Magic Dart               Conj           ####         0%          1
 Pain                     Necr           ####         0%          1
 Sandblast                Erth           ######       0%          1
 Sting                    Tmut/Pois      ####         0%          1
 Summon Small Mammal      Summ           ####         0%          1
 Call Imp                 Summ           ########     0%          2
 Searing Ray              Conj           ######       0%          2
 Swiftness                Air            #######.     0%          2
 Wereblood                Tmut           #######.     0%          2
 Call Canine Familiar     Summ           ########     0%          3
 Summon Guardian Golem    Hex/Summ       #######.     0%          3
 Confusing Touch          Hex            #######.     1%          3
 Dazzling Flash           Conj/Hex       ######       1%          3
 Gell's Gravitas          Tloc           #######...   1%          3
 Mephitic Cloud           Conj/Pois/Air  #######.     1%          3
 Spider Form              Tmut/Pois      #######...   1%          3
 Stone Arrow              Conj/Erth      ######       1%          3
 Vampiric Draining        Necr           #######...   1%          3
 Animate Dead             Necr           #######...   1%          4
 Fulminant Prism          Conj/Hex       #######...   1%          4
 Ice Form                 Ice/Tmut       #######.     1%          4
 Leda's Liquefaction      Hex/Erth       #######...   1%          4
 Petrify                  Tmut/Erth      #######.     1%          4
 Summon Ice Beast         Ice/Summ       #######.     1%          4
 Summon Lightning Spire   Summ/Air       #######.     1%          4
 Agony                    Necr           #######.     1%          5
 Blade Hands              Tmut           #######...   1%          5
 Bolt of Magma            Conj/Fire/Erth #######...   1%          5
 Lee's Rapid Deconstruct  Erth           #######...   1%          5
 Metabolic Englaciation   Hex/Ice        #######...   1%          5
 Yara's Violent Unravell  Hex/Tmut       #######...   1%          5
 Death Channel            Necr           #######...   1%          6
 Iron Shot                Conj/Erth      #######...   1%          6
 Simulacrum               Ice/Necr       #######...   1%          6
 Statue Form              Tmut/Erth      #######..    1%          6
 Monstrous Menagerie      Summ           ########..   1%          7
 Summon Greater Demon     Summ           ########..   1%          7
 Summon Hydra             Summ           ########..   1%          7
 Summon Horrible Things   Summ           ########..   6%          8
 Shatter                  Erth           #######...   98%         9


Dungeon Overview and Level Annotations

Branches:
Dungeon (15/15)            Temple (0/1) D:7            Lair (6/6) D:9
  Swamp (4/4) Lair:2       Spider (4/4) Lair:2        Slime (0/5) Lair:6
    Orc (2/2) D:12            Elf (0/3) Orc:2        Vaults (3/5) D:13
  Crypt (0/3) Vaults:2     Depths (0/5) D:15        Gauntlet (visited)

Altars:
Cheibriados
Dithmenos
Elyvilon
Gozag
Kikubaaqudgha
Okawaru
Qazlal
Ru
Vehumet
Wu Jian
Zin
The Shining One
Jiyva

Shops:
D:8 [(   D:10 ?}:*[   Orc:2 (*=:   Vaults:1 *

Annotations:
D:4 1 runed translucent door, viperstalker's ghost, amateur PaFi
D:8 exclusion: hornet
D:11 3 runed translucent doors
D:15 1 runed translucent door, exclusion: orange crystal statue, Mahiaf's ghost, journeyman GnFi
Spider:4 2 transporters, EnegeticOcto's ghost, journeyman DDFi
Vaults:1 3 runed translucent doors, exclusion: obsidian statue, Zuydaofups's ghost, adept DrWn
Vaults:3 Sojobo


Innate Abilities, Weirdness & Mutations

Your experience applies equally to all skills.
You have very sharp teeth.
Your uncanny sense of smell can sniff out nearby items.
Your magical capacity is low. (-10% MP)


Message History

* * * LOW HITPOINT WARNING * * *
You block the air elemental's attack.
The air elemental hits you but does no damage.
The air elemental completely misses you.
You erupt in a blast of force!
The mystic blast hits Sojobo.
Sojobo is knocked back by the mystic blast.
Sojobo slams into the metal wall!
The mystic blast hits the air elemental!
The air elemental is knocked back by the mystic blast.
The mystic blast hits the air elemental!
You destroy the air elemental!
The mystic blast hits the air elemental!!
You destroy the air elemental!
You block the air elemental's attack. x2
Throwing (i - inventory. (/) - cycle)
Y - 26 javelins (quivered)
Aim: Sojobo, wielding a +0 great sword of flaming and wearing a +1 scale mail of magic resistance (severely wounded, repelling missiles)
You throw a javelin. The javelin misses Sojobo.
You block the air elemental's attack. x2
Throwing (i - inventory. (/) - cycle)
Y - 25 javelins (quivered)
Aim: Sojobo, wielding a +0 great sword of flaming and wearing a +1 scale mail of magic resistance (severely wounded, repelling missiles)
You throw a javelin. The javelin barely misses Sojobo.
You float gracefully downwards.
You block the air elemental's attack. The air elemental barely misses you.
Sojobo conjures a fierce blast of wind!
You are blown backwards!
Throwing (i - inventory. (/) - cycle)
Y - 24 javelins (quivered)
Aim: Sojobo, wielding a +0 great sword of flaming and wearing a +1 scale mail of magic resistance (severely wounded, repelling missiles)
You throw a javelin. The javelin completely misses Sojobo.
Throwing (i - inventory. (/) - cycle)
Y - 23 javelins (quivered)
Aim: Sojobo, wielding a +0 great sword of flaming and wearing a +1 scale mail of magic resistance (severely wounded, repelling missiles)
You throw a javelin.
The javelin pierces through the air elemental.
The javelin closely misses Sojobo.
You feel sick.
You block the air elemental's attack. x2
Throwing (i - inventory. (/) - cycle)
Y - 22 javelins (quivered)
Aim: Sojobo, wielding a +0 great sword of flaming and wearing a +1 scale mail of magic resistance (severely wounded, repelling missiles)
You throw a javelin.
The javelin pierces through the air elemental!!
You destroy the air elemental!
The javelin misses Sojobo.
Throwing (i - inventory. (/) - cycle)
Y - 21 javelins (quivered)
Aim: Sojobo, wielding a +0 great sword of flaming and wearing a +1 scale mail of magic resistance (severely wounded, repelling missiles)
You throw a javelin. The javelin completely misses Sojobo.
Sojobo waves her feathered arms in wide circles.
The air twists around and strikes you!
* * * LOW HITPOINT WARNING * * *
You erupt in a blast of force!
The mystic blast hits Sojobo!
You erupt in a blast of force!
Sojobo repels the mystic blast!
Sojobo hits you with a +0 great sword of flaming!
You die...

*,,,,,,,* ***** *,,,,,,,* ,,,,*
*,,,,,,,* ########### ,,,,*
*,,,,,,,* #.........# <,,,*
**,,,,,** #.........# ,,,,*
**,,,** #.........# ,,,,*
##+##########.........# ,,,<*
#.?...!(....#....<....# ,,,,*
#.....@Q...(#.........#
**********#..###.###..'.........#
,,,,,,,,,,#..*#.#.##§.#.........#
,,,,,,,,,,+..#.#.#.#.§#....[....#
,,,,,,,,,,*,..#.#.#...#.........#
,*,,,,,,,,*..#.#.#§#.)#.........#
,,,,,,,,,,+..##.#§##..###########
*,,,******#..###.###..# ,*,,*
#.☼.).§..§§)#


You could see Sojobo (repels missiles).

Vanquished Creatures
  Arachne (Spider:3)
  2 tentacled starspawn (Abyss:2)
  A thorn hunter (Swamp:1)
  2 tengu reavers (Vaults:3)
  2 storm dragons (Vaults:2)
  A daeva (Abyss:2)
  A frost giant (Vaults:1)
  4 emperor scorpions
  A fire giant (Vaults:2)
  4 vault wardens
  4 ghost moths (Spider:4)
  3 stone giants
  6 very ugly things
  4 ironheart preservers
  5 entropy weavers
  A vampire knight (Vaults:2)
  A deep elf demonologist (Vaults:1)
  Nessos (D:12)
  A spark wasp (shapeshifter) (Vaults:1)
  A minotaur (Gauntlet)
  A deep elf annihilator (Vaults:1)
  Azrael (D:12)
  6 dire elephants (Lair:6)
  4 spark wasps
  2 ettins
  Josephine (D:14)
  2 green deaths (Abyss:2)
  2 fire dragons (Vaults:2)
  Harold (D:9)
  Erolcha (D:12)
  Fannar (Lair:2)
  2 great orbs of eyes
  14 hydras
  4 yaktaur captains
  3 ice dragons
  A vault guard (Vaults:1)
  2 shambling mangroves
  3 death knights
  An anaconda (Lair:6)
  2 ghost crabs
  4 alligators
  11 two-headed ogres
  7 centaur warriors
  2 death scarabs (Gauntlet)
  4 ogre magi
  4 death yaks (Lair:4)
  A thrashing horror (Abyss:2)
  A tengu warrior (D:8)
  3 orc high priests (Orc:2)
  A deep elf knight (Vaults:2)
  13 spriggans
  A wretched star (Abyss:2)
  A fire crab (D:14)
  3 skeletal warriors
  2 glowing orange brains
  8 swamp dragons
  A death drake (Abyss:2)
  3 unseen horrors
  A spectral hydra (Gauntlet)
  6 deep trolls
  3 wizards
  5 spriggan druids
  9 ironbrand convokers
  A tengu zombie (Vaults:1)
  A deep elf archer (Vaults:2)
  7 deep elf magi
  2 necromancers
  12 orc knights
  15 orb spiders
  A phantasmal warrior (Vaults:2)
  36 wolf spiders
  30 ugly things
  11 cyclopes
  4 manticores
  27 slime creatures
  2 moths of wrath
  7 orc sorcerers (Orc:2)
  2 worldbinders (Abyss:2)
  35 elephants
  A stone giant skeleton (Vaults:1)
  5 black mambas
  Psyche (D:9)
  4 gargoyles
  6 vault sentinels
  3 orange demons (Abyss:2)
  3 torpor snails
  2 kobold demonologists
  2 efreet (Abyss:2)
  7 komodo dragons
  15 demonic crawlers
  A rime drake (shapeshifter) (Vaults:1)
  10 yaktaurs (Vaults:2)
  5 freezing wraiths
  5 smoke demons (Abyss:2)
  20 cane toads
  A ghost moth simulacrum (Abyss:2)
  2 hellwings (Abyss:2)
  23 hornets
  A polar bear (Lair:4)
  A queen bee (Lair:2)
  An ancient zyme (Abyss:2)
  Grinder (D:3)
  6 trolls
  A hornet (shapeshifter) (Vaults:1)
  2 meliai (D:14)
  8 tyrant leeches
  13 hippogriffs
  8 raiju (Abyss:2)
  9 bog bodies
  2 meliai zombies
  4 dream sheep (Lair:5)
  38 jumping spiders
  20 blink frogs
  A hippogriff (shapeshifter) (Abyss:2)
  A hydra skeleton (Abyss:2)
  2 human simulacra
  A vampire (D:14)
  Sigmund (D:3)
  A spriggan (shapeshifter) (Vaults:1)
  3 ynoxinuls (Abyss:2)
  A centaur simulacrum (D:15)
  3 wyverns
  81 redbacks
  A yak (shapeshifter) (Vaults:2)
  30 tarantellas
  11 wraiths
  3 shadows
  6 basilisks
  54 yaks
  A fire bat (Abyss:2)
  7 large abominations (Abyss:2)
  A spectral komodo dragon (Gauntlet)
  A fire elemental (D:12)
  4 golden eyes (Abyss:2)
  A golden eye (shapeshifter) (D:14)
  12 small abominations (Abyss:2)
  17 swamp worms
  2 chaos spawn (Abyss:2)
  20 vampire mosquitoes
  8 insubstantial wisps
  A soldier ant (D:10)
  8 wargs
  10 water moccasins
  Edmund (D:6)
  2 acid dragons
  Duvessa (D:6)
  7 porcupines
  5 hell hounds
  37 orc warriors
  5 swamp drakes
  3 ice beasts
  5 sky beasts
  2 black bears
  A black bear (shapeshifter) (D:14)
  An ettin simulacrum (Vaults:1)
  A hornet zombie (D:12)
  A phantom (D:12)
  3 starcursed masses (Abyss:2)
  21 ogres
  2 eyes of draining
  10 wolves
  14 centaurs
  5 necrophages
  8 crocodiles
  A big kobold (D:13)
  An earth elemental (Abyss:2)
  27 bullfrogs
  A gnoll sergeant (D:13)
  A wyvern zombie (D:13)
  2 wyvern skeletons
  Dowan (D:6)
  50 killer bees
  4 scorpions
  17 wights
  3 electric eels
  3 vampire bats
  5 centaur zombies
  A quasit (D:14)
  30 orc priests
  30 orc wizards
  8 centaur skeletons
  5 hounds
  An iron imp (Abyss:2)
  2 jellies
  3 bullfrog skeletons
  6 iguanas
  9 worker ants
  A hound skeleton (D:4)
  Robin (D:2)
  12 gnolls
  A howler monkey skeleton (D:5)
  13 adders
  6 white imps
  2 ufetubi
  An ooze (D:6)
  2 adder skeletons
  3 adder zombies
  5 worms
  3 dart slugs
  5 leopard geckos
  82 orcs
  2 bat skeletons (D:9)
  3 bat zombies (D:9)
  5 giant cockroaches
  18 goblins
  5 hobgoblins
  4 jackals
  15 kobolds
  6 quokkas
  19 bats
  2 frilled lizards (D:1)
  A leopard gecko skeleton (D:5)
  A leopard gecko zombie (D:8)
  A quokka skeleton (D:5)
  7 rats
  A briar patch (Swamp:1)
1484 creatures vanquished.

Vanquished Creatures (collateral kills)
  A thorn hunter (Swamp:2)
  Aizul (Spider:3)
  A lorocyproca (Abyss:2)
  A green death (Abyss:2)
  2 hydras
  A shambling mangrove (Swamp:3)
  3 ghost crabs (Swamp:3)
  5 swamp dragons
  A spriggan druid (Swamp:3)
  An orb spider (Spider:3)
  5 wolf spiders (Spider:3)
  2 cane toads (Swamp:2)
  A demonic crawler (Spider:3)
  A jumping spider (Spider:3)
  2 tyrant leeches
  5 slime creatures (Swamp:4)
  A tarantella (Spider:3)
  2 swamp worms (Swamp:2)
  2 swamp drakes
38 creatures vanquished.

Vanquished Creatures (others)
  20 eldritch tentacles
  A starcursed mass (Abyss:2)
  An alligator (Swamp:3)
  An ogre mage (Vaults:2)
  A deep elf knight (Vaults:2)
  A wolf spider (Spider:3)
  An orc knight (Vaults:1)
  A manticore (D:14)
  A centaur zombie (D:15)
  A hornet (Swamp:3)
  A slime creature (Swamp:4)
  2 raiju (Abyss:2)
  A tarantella (Spider:4)
  A vampire mosquito (Swamp:4)
  A swamp drake (Swamp:2)
  An orc warrior (Orc:2)
  2 small abominations (Abyss:2)
  A white imp (Abyss:2)
  A briar patch (Swamp:1)
  62 fungi
  A lurking horror (Abyss:2)
  92 plants
  4 starspawn tentacles (Abyss:2)
199 creatures vanquished.

Grand Total: 1721 creatures vanquished

Notes
Turn   | Place    | Note
-------+----------+-------------------------------------------
     0 | D:1      | Apogee the Gnoll Venom Mage began the quest for the Orb.
     0 | D:1      | Reached XP level 1. HP: 13/13 MP: 6/6
   123 | D:1      | Reached XP level 2. HP: 13/20 MP: 4/7
   137 | D:1      | Learned a level 2 spell: Poisonous Vapours
   685 | D:1      | Reached XP level 3. HP: 25/25 MP: 7/9
   833 | D:1      | Reached skill level 5 in Spellcasting
  1038 | D:1      | Reached skill level 1 in Invocations
  1553 | D:2      | Reached skill level 1 in Fighting
  1553 | D:2      | Reached skill level 1 in Short Blades
  1553 | D:2      | Reached skill level 1 in Long Blades
  1553 | D:2      | Reached skill level 1 in Axes
  1553 | D:2      | Reached skill level 1 in Maces & Flails
  1553 | D:2      | Reached skill level 1 in Polearms
  1553 | D:2      | Reached skill level 1 in Staves
  1553 | D:2      | Reached skill level 1 in Slings
  1553 | D:2      | Reached skill level 1 in Bows
  1553 | D:2      | Reached skill level 1 in Crossbows
  1553 | D:2      | Reached skill level 1 in Throwing
  1553 | D:2      | Reached skill level 1 in Armour
  1553 | D:2      | Reached skill level 1 in Shields
  1553 | D:2      | Reached skill level 1 in Unarmed Combat
  1553 | D:2      | Reached skill level 1 in Evocations
  1767 | D:2      | Reached XP level 4. HP: 32/32 MP: 9/11
  1773 | D:2      | Found a glowing golden altar of the Shining One.
  1799 | D:2      | Reached skill level 1 in Conjurations
  1799 | D:2      | Reached skill level 1 in Hexes
  1799 | D:2      | Reached skill level 1 in Summonings
  1799 | D:2      | Reached skill level 1 in Necromancy
  1799 | D:2      | Reached skill level 1 in Translocations
  1799 | D:2      | Reached skill level 1 in Fire Magic
  1799 | D:2      | Reached skill level 1 in Ice Magic
  1799 | D:2      | Reached skill level 1 in Air Magic
  1799 | D:2      | Reached skill level 1 in Earth Magic
  2029 | D:2      | Noticed Robin
  2035 | D:2      | Killed Robin
  2035 | D:2      | Reached XP level 5. HP: 25/37 MP: 4/12
  2296 | D:2      | Found a snail-covered altar of Cheibriados.
  2354 | D:2      | Became a worshipper of Cheibriados the Contemplative
  2781 | D:3      | Learned a level 3 spell: Ignite Poison
  2786 | D:3      | Learned a level 4 spell: Olgreb's Toxic Radiance
  2831 | D:3      | Noticed Sigmund
  2865 | D:3      | Killed Sigmund
  2865 | D:3      | Reached skill level 5 in Dodging
  2865 | D:3      | Reached XP level 6. HP: 16/44 MP: 8/14
  3311 | D:3      | Reached * piety under Cheibriados
  3480 | D:3      | Noticed Grinder
  3488 | D:3      | Killed Grinder
  3488 | D:3      | Reached skill level 2 in Summonings
  3488 | D:3      | Reached XP level 7. HP: 43/51 MP: 5/15
  4114 | D:4      | Noticed viperstalker's ghost (amateur PaFi)
  4117 | D:4      | Found a runed translucent door.
  4142 | D:4      | Reached skill level 5 in Stealth
  4233 | D:4      | Found an iron altar of Okawaru.
  4387 | D:4      | Found a glowing golden altar of the Shining One.
  4389 | D:4      | Got a ripped robe
  4478 | D:4      | Identified the +1 robe of the New World {Rampage rF+ rC+
                  | rCorr} (You found it on level 4 of the Dungeon)
  5092 | D:5      | Entered Level 5 of the Dungeon
  5198 | D:5      | Reached XP level 8. HP: 57/57 MP: 9/16
  5441 | D:5      | Learned a level 1 spell: Apportation
  6416 | D:6      | Noticed Edmund
  6528 | D:6      | Noticed Duvessa
  6528 | D:6      | Noticed Dowan
  6557 | D:6      | Killed Dowan
  6593 | D:6      | Killed Duvessa
  6983 | D:6      | Reached ** piety under Cheibriados
  7234 | D:6      | Reached skill level 3 in Summonings
  7472 | D:6      | Reached XP level 9. HP: 65/65 MP: 8/18
  8018 | D:6      | Found a sacrificial altar of Ru.
  8018 | D:6      | Found a glowing silver altar of Zin.
  8159 | D:6      | Killed Edmund
  8918 | D:7      | Found a stormy altar of Qazlal.
  8918 | D:7      | Found an ornate altar of the Wu Jian Council.
  9024 | D:7      | Found a faded altar of an unknown god.
  9025 | D:7      | Found a staircase to the Ecumenical Temple.
  9176 | D:8      | Reached *** piety under Cheibriados
  9284 | D:8      | Reached skill level 5 in Invocations
  9370 | D:8      | Found a sacrificial altar of Ru.
  9372 | D:8      | Found an ancient bone altar of Kikubaaqudgha.
  9436 | D:8      | Found a white marble altar of Elyvilon.
  9516 | D:8      | Found Soturr's Armour Emporium.
  9523 | D:8      | Bought a +0 buckler for 58 gold pieces
  9559 | D:8      | Noticed a hornet
  9602 | D:8      | Found a radiant altar of Vehumet.
  9602 | D:8      | Found a shadowy altar of Dithmenos.
  9776 | D:8      | Noticed a tengu warrior
  9777 | D:8      | Noticed a troll
  9778 | D:8      | Noticed a deep elf mage
  9780 | D:8      | Killed a tengu warrior
  9780 | D:8      | Reached skill level 5 in Fighting
  9780 | D:8      | Reached skill level 5 in Short Blades
  9780 | D:8      | Reached skill level 5 in Long Blades
  9780 | D:8      | Reached skill level 5 in Axes
  9780 | D:8      | Reached skill level 5 in Maces & Flails
  9780 | D:8      | Reached skill level 5 in Polearms
  9780 | D:8      | Reached skill level 5 in Staves
  9780 | D:8      | Reached skill level 5 in Slings
  9780 | D:8      | Reached skill level 5 in Bows
  9780 | D:8      | Reached skill level 5 in Crossbows
  9780 | D:8      | Reached skill level 5 in Throwing
  9780 | D:8      | Reached skill level 5 in Armour
  9780 | D:8      | Reached skill level 5 in Shields
  9780 | D:8      | Reached skill level 5 in Unarmed Combat
  9780 | D:8      | Reached skill level 4 in Summonings
  9780 | D:8      | Reached skill level 5 in Evocations
  9780 | D:8      | Reached XP level 10. HP: 73/74 MP: 5/20
  9803 | D:8      | Killed a deep elf mage
 10275 | D:8      | Reached **** piety under Cheibriados
 10463 | D:8      | Found Zintal's Weapon Shop.
 10849 | D:9      | Reached skill level 5 in Transmutations
 11414 | D:9      | Reached skill level 5 in Summonings
 11419 | D:9      | Reached ***** piety under Cheibriados
 11581 | D:9      | Noticed Psyche
 11590 | D:9      | Killed Psyche
 11590 | D:9      | Reached XP level 11. HP: 70/81 MP: 10/22
 11692 | D:9      | Found an ancient bone altar of Kikubaaqudgha.
 11768 | D:9      | Noticed Harold
 11775 | D:9      | Killed Harold
 11921 | D:9      | Found a staircase to the Lair.
 11931 | D:9      | Reached skill level 5 in Conjurations
 11931 | D:9      | Reached skill level 5 in Hexes
 11931 | D:9      | Reached skill level 5 in Necromancy
 11931 | D:9      | Reached skill level 5 in Translocations
 11931 | D:9      | Reached skill level 5 in Fire Magic
 11931 | D:9      | Reached skill level 5 in Ice Magic
 11931 | D:9      | Reached skill level 5 in Air Magic
 11931 | D:9      | Reached skill level 5 in Earth Magic
 12097 | D:10     | Entered Level 10 of the Dungeon
 12118 | D:10     | Found Bicemyelec's General Store.
 12118 | D:10     | Noticed an unseen horror
 12122 | D:10     | Killed an unseen horror
 12173 | D:10     | Bought an uncursed amulet of reflection for 420 gold pieces
 12276 | D:10     | Found Tiemp's Gadget Emporium.
 12395 | D:10     | Found Hoong's Book Emporium.
 12486 | D:10     | Found Quxeast's Armour Shoppe.
 12622 | D:10     | Found Xiheob's Magic Scroll Boutique.
 12663 | D:10     | Reached skill level 6 in Summonings
 13277 | D:11     | Reached ****** piety under Cheibriados
 13587 | D:11     | Noticed a cyclops
 13678 | D:11     | Noticed a green ugly thing
 13704 | D:11     | Killed a green ugly thing
 13891 | D:11     | Found a runed translucent gate.
 13891 | D:11     | Noticed a glowing orange brain
 13892 | D:11     | Found a runed translucent gate.
 13892 | D:11     | Found a runed translucent gate.
 13892 | D:11     | Noticed a red ugly thing
 13893 | D:11     | Noticed a brown ugly thing
 13917 | D:11     | Learned a level 2 spell: Passwall
 13958 | D:12     | Noticed a five-headed hydra
 14000 | D:12     | Noticed Erolcha
 14000 | D:12     | Noticed a death knight
 14097 | Lair:1   | Entered Level 1 of the Lair of Beasts
 14598 | Lair:1   | Noticed a seven-headed hydra
 14822 | Lair:1   | Found the +3 robe of Folly {Archmagi, MR-- Int+5}
 14973 | Lair:1   | Reached XP level 12. HP: 72/89 MP: 13/24
 14987 | Lair:1   | Reached skill level 7 in Summonings
 15185 | Lair:2   | Found a staircase to the Swamp.
 15354 | Lair:2   | Noticed Fannar
 15368 | Lair:2   | Killed Fannar
 16086 | Lair:2   | Found a hole to the Spider Nest.
 16529 | Lair:2   | Reached skill level 8 in Summonings
 17025 | Lair:3   | Reached XP level 13. HP: 98/98 MP: 18/26
 18565 | Lair:4   | Learned a level 4 spell: Iskenderun's Mystic Blast
 19388 | Lair:4   | Reached skill level 9 in Summonings
 19879 | Lair:5   | Reached skill level 10 in Spellcasting
 20776 | Lair:5   | Reached XP level 14. HP: 106/106 MP: 28/28
 20993 | Lair:5   | Reached skill level 10 in Dodging
 21178 | Lair:6   | Entered Level 6 of the Lair of Beasts
 21376 | Lair:6   | Found a gate leading to a gauntlet.
 21421 | Gauntlet | Entered a Gauntlet
 21421 | Gauntlet | Found a transporter.
 21695 | Gauntlet | Found a runed translucent door.
 21696 | Gauntlet | Found a transporter.
 21697 | Gauntlet | Found a runed translucent door.
 21698 | Gauntlet | Found a transporter.
 21702 | Gauntlet | Found a transporter.
 21710 | Gauntlet | Found a runed translucent gate.
 21711 | Gauntlet | Found a transporter.
 21711 | Gauntlet | Found a transporter.
 21711 | Gauntlet | Found a runed translucent gate.
 21712 | Gauntlet | Found a transporter.
 21713 | Gauntlet | Found a runed translucent gate.
 21713 | Gauntlet | Found a transporter.
 21733 | Gauntlet | Found a transporter.
 21750 | Gauntlet | Found a transporter.
 21754 | Gauntlet | Found a transporter.
 21763 | Gauntlet | Found a transporter.
 21906 | Gauntlet | Reached skill level 10 in Stealth
 21924 | Gauntlet | Got a scorched cloak
 21930 | Gauntlet | Identified the +2 cloak of Boxur {SInv Stlth+} (You found
                  | it in a Gauntlet)
 21955 | Gauntlet | Got a heavily runed golden ring
 21957 | Gauntlet | Identified the ring "Fyoplum" {*Tele rElec Dex+5} (You
                  | found it in a Gauntlet)
 22024 | Gauntlet | Reached skill level 10 in Invocations
 22288 | Lair:6   | Reached skill level 10 in Summonings
 22951 | Lair:6   | Found a viscous altar of Jiyva.
 22952 | Lair:6   | Found a staircase to the Slime Pits.
 22958 | Lair:6   | Got a smoking scale mail
 22969 | Lair:6   | Identified the +0 scale mail of the Griffon {rN+ Slay+3}
                  | (You found it on level 6 of the Lair of Beasts)
 23050 | Lair:6   | Noticed a dire elephant
 23063 | Lair:6   | Killed a dire elephant
 23518 | Lair:6   | Noticed a dire elephant
 23518 | Lair:6   | Noticed a dire elephant
 23524 | Lair:6   | Killed a dire elephant
 23526 | Lair:6   | Killed a dire elephant
 23549 | Lair:6   | Noticed a dire elephant
 23578 | Lair:6   | Killed a dire elephant
 23621 | Lair:6   | Noticed a dire elephant
 23652 | Lair:6   | Killed a dire elephant
 23811 | Lair:6   | Learned a level 5 spell: Lee's Rapid Deconstruction
 24426 | Lair:6   | Noticed a dire elephant
 24450 | Lair:6   | Killed a dire elephant
 24918 | Lair:1   | Got a masterwork leather armour
 25361 | D:11     | Reached XP level 15. HP: 111/115 MP: 19/29
 26139 | D:12     | Found a staircase to the Orcish Mines.
 26204 | D:12     | Identified the +6 leather armour of Summertime {Int+4} (You
                  | found it on level 1 of the Lair of Beasts)
 26405 | D:12     | Killed Erolcha
 26405 | D:12     | Reached skill level 10 in Poison Magic
 26428 | D:12     | Noticed Nessos
 26432 | D:12     | Killed Nessos
 26532 | D:12     | Noticed Azrael
 26606 | D:12     | Learned a level 4 spell: Passage of Golubria
 26755 | D:12     | Reached skill level 10 in Fighting
 26755 | D:12     | Reached skill level 10 in Short Blades
 26755 | D:12     | Reached skill level 10 in Long Blades
 26755 | D:12     | Reached skill level 10 in Axes
 26755 | D:12     | Reached skill level 10 in Maces & Flails
 26755 | D:12     | Reached skill level 10 in Polearms
 26755 | D:12     | Reached skill level 10 in Staves
 26755 | D:12     | Reached skill level 10 in Slings
 26755 | D:12     | Reached skill level 10 in Bows
 26755 | D:12     | Reached skill level 10 in Crossbows
 26755 | D:12     | Reached skill level 10 in Throwing
 26755 | D:12     | Reached skill level 10 in Armour
 26755 | D:12     | Reached skill level 10 in Shields
 26755 | D:12     | Reached skill level 10 in Unarmed Combat
 26755 | D:12     | Reached skill level 10 in Evocations
 27037 | D:12     | Killed Azrael
 27436 | D:13     | Reached skill level 11 in Summonings
 28441 | D:13     | Found a gate to the Vaults.
 29024 | D:14     | Noticed Josephine
 29044 | D:14     | Killed Josephine
 30296 | D:14     | Reached XP level 16. HP: 123/123 MP: 31/31
 30461 | D:14     | Identified Xiop's Collected Works on Transmigration
 30500 | D:14     | Got a translucent whip
 30501 | D:14     | Identified the +4 whip of Xutwei {vamp, Int+4} (You found
                  | it on level 14 of the Dungeon)
 30613 | D:15     | Entered Level 15 of the Dungeon
 30965 | D:15     | Learned a level 7 spell: Malign Gateway
 30999 | D:15     | Found a runed translucent door.
 31003 | D:15     | Noticed Mahiaf's ghost (journeyman GnFi)
 31140 | D:15     | Cast into level 2 of the Abyss (a wizard)
 31413 | Abyss:2  | Identified 2 scrolls of acquirement
 31416 | Abyss:2  | Acquired a +1 helmet of intelligence
 31417 | Abyss:2  | Acquired a book of Unlife
 31645 | Abyss:2  | Noticed a bone dragon
 31893 | Abyss:2  | Found a corrupted altar of Lugonu.
 32213 | Abyss:2  | Paralysed by a great orb of eyes for 7 turns
 32377 | Abyss:2  | Noticed a tentacled starspawn
 32692 | Abyss:2  | Noticed a tentacled starspawn
 33223 | Abyss:2  | Noticed a daeva
 33277 | Abyss:2  | Noticed a tentacled starspawn
 33292 | Abyss:2  | Killed a tentacled starspawn
 33334 | Abyss:2  | Reached skill level 12 in Summonings
 33342 | Abyss:2  | Learned a level 6 spell: Invisibility
 33354 | Abyss:2  | Noticed a daeva
 33373 | Abyss:2  | Killed a daeva
 33390 | D:15     | Escaped the Abyss
 33400 | D:15     | Cast into level 2 of the Abyss (a wizard)
 33590 | Abyss:2  | Noticed a tentacled starspawn
 33598 | Abyss:2  | Killed a tentacled starspawn
 33818 | Abyss:2  | Found a runed translucent gate.
 33818 | Abyss:2  | Found a runed translucent gate.
 33825 | Abyss:2  | Found a runed translucent gate.
 33843 | Abyss:2  | Found a runed translucent gate.
 33843 | Abyss:2  | Found a runed translucent gate.
 33848 | Abyss:2  | Found a runed translucent gate.
 33904 | Abyss:2  | Noticed a daeva
 34332 | D:15     | Escaped the Abyss
 34501 | D:15     | Found a staircase to the Depths.
 34736 | D:15     | Learned a level 5 spell: Borgnjor's Vile Clutch
 34943 | Orc:1    | Entered Level 1 of the Orcish Mines
 35540 | Orc:2    | Entered Level 2 of the Orcish Mines
 35754 | Orc:2    | Found a staircase to the Elven Halls.
 36348 | Orc:2    | Reached XP level 17. HP: 105/131 MP: 5/33
 36585 | Orc:2    | Found Fohu's Antique Weapon Shop.
 36585 | Orc:2    | Found Tum Saos's Book Shoppe.
 36587 | Orc:2    | Found Dobicuq's General Store.
 36587 | Orc:2    | Found Cussim's Jewellery Shoppe.
 36692 | Orc:2    | Bought the ring of Winter {rF+ rC+} for 507 gold pieces
 36699 | Orc:2    | Bought a scroll of magic mapping for 38 gold pieces
 36699 | Orc:2    | Bought a scroll of amnesia for 38 gold pieces
 36699 | Orc:2    | Bought 6 javelins for 52 gold pieces
 36699 | Orc:2    | Bought a scroll of magic mapping for 38 gold pieces
 36699 | Orc:2    | Bought a potion of magic for 88 gold pieces
 36701 | Orc:2    | Bought a scorched fustibalus for 620 gold pieces
 36715 | Orc:2    | Bought a scroll of identify for 22 gold pieces
 36718 | Orc:2    | Identified the +10 fustibalus of Weloumupt {speed, MR+
                  | Int+2 Dex+2} (You bought it in a shop on level 2 of the
                  | Orcish Mines)
 36967 | Swamp:1  | Entered Level 1 of the Swamp
 37288 | Swamp:1  | Reached skill level 10 in Transmutations
 37798 | Swamp:1  | Got a vibrating gossamer ring
 38307 | Swamp:1  | Identified the ring "Jutan" {Fire Slay+3} (You found it on
                  | level 1 of the Swamp)
 38541 | Swamp:2  | Identified the Handbook of the Escort
 41099 | Swamp:4  | Entered Level 4 of the Swamp
 41109 | Swamp:4  | Reached skill level 10 in Conjurations
 41109 | Swamp:4  | Reached skill level 10 in Hexes
 41109 | Swamp:4  | Reached skill level 10 in Necromancy
 41109 | Swamp:4  | Reached skill level 10 in Translocations
 41109 | Swamp:4  | Reached skill level 10 in Fire Magic
 41109 | Swamp:4  | Reached skill level 10 in Ice Magic
 41109 | Swamp:4  | Reached skill level 10 in Air Magic
 41109 | Swamp:4  | Reached skill level 10 in Earth Magic
 41112 | Swamp:4  | Reached skill level 13 in Summonings
 44813 | Swamp:4  | Got a decaying rune of Zot
 44827 | Swamp:4  | Reached XP level 18. HP: 140/140 MP: 34/34
 45678 | Spider:1 | Entered Level 1 of the Spider Nest
 45929 | Orc:2    | Bought the ring "Xoth" {rPois rF- Slay+2 SInv} for 358 gold
                  | pieces
 48848 | Spider:3 | Noticed Arachne
 48879 | Spider:3 | Killed Arachne
 49863 | Spider:4 | Entered Level 4 of the Spider Nest
 49863 | Spider:4 | Noticed Aizul
 49940 | Spider:3 | Killed Aizul
 50512 | Spider:4 | Reached skill level 14 in Summonings
 50641 | Spider:4 | Reached XP level 19. HP: 147/147 MP: 27/36
 51646 | Spider:4 | Gained mutation: Your magical capacity is low. (-10% MP)
                  | [mutagenic glow]
 51885 | Spider:4 | Got a gossamer rune of Zot
 52114 | Spider:4 | Found a transporter.
 52121 | Spider:4 | Noticed EnegeticOcto's ghost (journeyman DDFi)
 52131 | Spider:4 | Found a transporter.
 53035 | Vaults:1 | Entered Level 1 of the Vaults
 54204 | Vaults:1 | Found a runed translucent gate.
 54205 | Vaults:1 | Found a runed translucent gate.
 54206 | Vaults:1 | Found a runed translucent gate.
 54226 | Vaults:1 | Found an opulent altar of Gozag.
 54228 | Vaults:1 | Noticed Zuydaofups's ghost (adept DrWn)
 54231 | Vaults:1 | Found Eclecya's Assorted Antiques.
 55619 | Vaults:1 | Identified a +0 pair of boots of running (You found it on
                  | level 1 of the Vaults)
 55663 | Vaults:1 | Reached XP level 20. HP: 156/156 MP: 34/34
 56712 | Vaults:2 | Reached skill level 15 in Summonings
 56865 | Vaults:2 | Found a staircase to the Crypt.
 56878 | Vaults:2 | Paralysed by a vampire knight for 2 turns
 59105 | Vaults:3 | Noticed Sojobo
 59147 | Vaults:3 | Slain by Sojobo

Illustrated notes

Levels and vault maps discovered:
D:1:      co_arrival_random_square_maze, layout_loops_cross,
          minmay_misc_feat_alley, minmay_distorted
D:2:      layout_rooms, lemuel_doored_altar, tso_altar, uniq_robin
D:3:      layout_loops_ring, uniq_sigmund, uniq_grinder
D:4:      layout_basic, okawaru_metal_pillars_1_2,
          nicolae_overflow_hidden_temple, hellmonk_ghost_happy_afterlife
D:5:      layout_loops_cross, serial_bayou, serial_bayou_pond_e,
          serial_bayou_crossing, serial_bayou_pond_e, serial_bayou_lagoon_a
D:6:      kennysheep_six_static_rooms, layout_basic, minitemple, uniq_edmund,
          uniq_duvessa
D:7:      layout_loops_corners, gammafunk_temple_overflow_statue,
          nicolae_temple_entry_ecumenical
D:8:      minmay_the_grid_octo_triangle [minmay_the_grid_octo_pinwheel,
          minmay_the_grid_octo_prize_star, minmay_the_grid_octo_shrine],
          layout_loops_ring, lemuel_crystal_altar, serial_shops,
          nicolae_shop_crystal, shop
D:9:      layout_cave_pools, kennysheep_vampire_church, david_lair_shrubbed,
          uniq_harold, uniq_psyche
D:10:     layout_basic, serial_shops, shop_coins, shop, nicolae_shop_trees,
          shop_statue, nicolae_shop_stone, roderic_batcave
D:11:     layout_long_grid, ploomutoo_gammafunk_ghost_potion_laboratory,
          lightli_minifort
D:12:     layout_loops_ring, david_orc_4, uniq_nessos, uniq_erolcha, uniq_azrael
D:13:     layout_grid_maze, david_vaults_2, nrook_mini_backslash
D:14:     cheibrodos_ideogram_h, layout_basic, serial_bayou_pond_b,
          uniq_josephine
D:15:     grunt_enter_depths_magical_seal, layout_cave_pools,
          minmay_misc_feat_rugged, ebering_ghost_inner_flame,
          minmay_protected_statue
Lair:1:   layout_gridlike, grunt_megastairs_4
Lair:2:   layout_loops_ring, skrybe_swamp_entry_bodies,
          nicolae_spider_entry_orb_guardian, special_room [special_room_bee],
          uniq_fannar
Lair:3:   layout_layer_cave, grunt_megastairs_2
Lair:4:   layout_gridlike
Lair:5:   layout_cave_pods
Lair:6:   due_jungle_book, layout_regular_city, slime_altar_1,
          gauntlet_entry_generic
Swamp:1:  layout_basic_swamp, nicolae_swamp_trees_clearing
Swamp:2:  layout_basic_swamp, evilmike_swamp_ruin_house_3,
          infiniplex_staircase_pool
Swamp:3:  layout_basic_swamp, evilmike_swamp_ruin_rubble_2
Swamp:4:  swamp_alternative, layout_basic_swamp
Spider:1: layout_chambers, guppyfry_spider_mini_1
Spider:2: layout_spider_delve
Spider:3: layout_spider_delve, nicolae_arachne_temple
Spider:4: johnstein_spider_rune_arachne_lair, special_room,
          gammafunk_ghost_arena, uniq_aizul
Orc:1:    layout_diamond_mine
Orc:2:    grunt_orc_tribal_feast, layout_diamond_mine
Vaults:1: ebering_vaults_ghost_gozag, vaults_room_door_hall, v_misc_30,
          ontoclasm_vaults_decontamination, nicolae_vaults_mini_display_case,
          nicolae_vaults_asterisk, nicolae_vaults_little_squares_3,
          nicolae_vaults_minivaults, nicolae_vaults_arrows,
          hangedman_vaults_snaps, nicolae_vaults_network_star,
          layout_vaults_maze
Vaults:2: nicolae_vaults_three_branches, minmay_crypt_entry_simple_plaza,
          nicolae_vaults_puzzle_piece, ontoclasm_vaults_gallery,
          hangedman_vaults_variations, v_alt_pattern_5, hangedman_vaults_trim,
          hangedman_vaults_slice, layout_vaults_ring
Vaults:3: vaults_room_pools, nicolae_vaults_network_periphery, v_misc_4,
          special_room_vaults [special_room_orc], v_misc_14,
          nicolae_vaults_what_the_h, v_misc_33, v_misc_5, vaults_dpeg_diagonal,
          hangedman_vaults_unwind, v_misc_17, vaults_room_semicircle,
          layout_vaults_omnibox, portal_desolation_entry_nicolae_nacl,
          uniq_mennas, uniq_donald, uniq_boris, uniq_sojobo

Skill      XL: |  1  2  3  4  5  6  7  8  9 10 11 12 13 14 15 16 17 18 19 20 |
---------------+-------------------------------------------------------------+-----
Transmutations | 2 3 4 5 6 7 8 9 10 11 | 11.9
Spellcasting   | 5 6 7 8 9 10 11 12 13 14 | 14.3
Invocations    | 1 2 3 4 5 6 7 8 9 10 11 12 13 14 | 14.7
Fighting       | 1 2 3 5 6 7 8 9 10 11 12 13 | 13.6
Short Blades   | 1 2 3 5 6 7 8 9 10 11 12 13 | 13.6
Long Blades    | 1 2 3 5 6 7 8 9 10 11 12 13 | 13.6
Axes           | 1 2 3 5 6 7 8 9 10 11 12 13 | 13.6
Maces & Flails | 1 2 3 5 6 7 8 9 10 11 12 13 | 13.6
Polearms       | 1 2 3 5 6 7 8 9 10 11 12 13 | 13.6
Staves         | 1 2 3 5 6 7 8 9 10 11 12 13 | 13.6
Slings         | 1 2 3 5 6 7 8 9 10 11 12 13 | 13.6
Bows           | 1 2 3 5 6 7 8 9 10 11 12 13 | 13.6
Crossbows      | 1 2 3 5 6 7 8 9 10 11 12 13 | 13.6
Throwing       | 1 2 3 5 6 7 8 9 10 11 12 13 | 13.6
Armour         | 1 2 3 5 6 7 8 9 10 11 12 13 | 13.6
Shields        | 1 2 3 5 6 7 8 9 10 11 12 13 | 13.6
Unarmed Combat | 1 2 3 5 6 7 8 9 10 11 12 13 | 13.6
Evocations     | 1 2 3 5 6 7 8 9 10 11 12 13 | 13.6
Conjurations   | 1 2 3 4 5 6 7 8 9 10 11 | 11.7
Hexes          | 1 2 3 4 5 6 7 8 9 10 11 | 11.7
Summonings     | 1 2 3 4 5 6 8 9 10 11 12 13 14 15 | 15.3
Necromancy     | 1 2 3 4 5 6 7 8 9 10 11 | 11.7
Translocations | 1 2 3 4 5 6 7 8 9 10 11 | 11.7
Fire Magic     | 1 2 3 4 5 6 7 8 9 10 11 | 11.7
Ice Magic      | 1 2 3 4 5 6 7 8 9 10 11 | 11.7
Air Magic      | 1 2 3 4 5 6 7 8 9 10 11 | 11.7
Earth Magic    | 1 2 3 4 5 6 7 8 9 10 11 | 11.7
Dodging        | 5 6 7 8 9 10 11 12 13 14 | 14.2
Stealth        | 5 6 7 8 9 10 11 12 13 14 | 14.1
Poison Magic   | 6 7 8 9 10 11 12 | 12.7

Action                   |  1- 3 |  4- 6 |  7- 9 | 10-12 | 13-15 | 16-18 | 19-21 || total
-------------------------+-------+-------+-------+-------+-------+-------+-------++-------
Melee: Spear             |    36 |    62 |    23 |       |       |       |       ||   121
       Bite              |     6 |     7 |    26 |    84 |   266 |   348 |   280 ||  1017
       Dagger            |    22 |     2 |       |       |       |       |       ||    24
       Trident           |       |       |    84 |       |       |       |       ||    84
       Flail             |       |       |    10 |   350 |   912 |  1335 |   752 ||  3359
       Broad axe         |       |       |       |    53 |       |       |   339 ||   392
Throw: Stone             |       |     1 |     1 |     4 |     8 |       |       ||    14
       Javelin           |       |       |       |       |       |    32 |    19 ||    51
 Cast: Sting             |    38 |    50 |    18 |    24 |     7 |       |       ||   137
       Poisonous Vapours |       |     7 |    83 |   100 |    84 |    86 |     8 ||   368
       Ignite Poison     |       |     2 |    27 |    43 |    59 |    62 |    18 ||   211
       Olgreb's Toxic Ra |       |     1 |    12 |    23 |    43 |    50 |    12 ||   141
       Apportation       |       |       |     5 |     6 |     2 |    40 |     1 ||    54
       Passwall          |       |       |       |     1 |     2 |    33 |       ||    36
       Iskenderun's Myst |       |       |       |       |    28 |   114 |    39 ||   181
       Lee's Rapid Decon |       |       |       |       |    26 |       |       ||    26
       Passage of Golubr |       |       |       |       |       |    13 |     3 ||    16
       Malign Gateway    |       |       |       |       |       |    20 |       ||    20
       Invisibility      |       |       |       |       |       |     4 |     5 ||     9
       Borgnjor's Vile C |       |       |       |       |       |    52 |    24 ||    76
Invok: Bend Time         |       |       |     1 |       |       |       |       ||     1
       Slouch            |       |       |       |     3 |     6 |    11 |     1 ||    21
       Step From Time    |       |       |       |       |       |     1 |       ||     1
Evoke: Wand              |       |       |       |       |     2 |       |       ||     2
       Phantom mirror    |       |       |       |       |       |     1 |       ||     1
  Use: Scroll            |       |       |     8 |    12 |     5 |    26 |     4 ||    55
       Potion            |       |       |     2 |       |     2 |    19 |     2 ||    25
 Stab: Sleeping          |     4 |     4 |     6 |     6 |    14 |    15 |    14 ||    63
       Distracted        |       |       |       |       |     2 |     7 |     2 ||    11
       Invisible         |       |       |       |       |       |     6 |     8 ||    14
       Held in net/web   |       |       |       |       |       |     2 |       ||     2
Armor: Robe              |    19 |    18 |     1 |       |       |       |       ||    38
       Ring mail         |       |       |    33 |       |       |       |       ||    33
       Skin              |       |       |     9 |       |       |       |       ||     9
       Scale mail        |       |       |     9 |     4 |    52 |       |       ||    65
       Chain mail        |       |       |       |    71 |       |       |       ||    71
       Plate armour      |       |       |       |    86 |   150 |       |       ||   236
       Leather armour    |       |       |       |       |    49 |   335 |   181 ||   565
Dodge: Dodged            |    61 |    64 |    80 |   292 |   516 |  1037 |   662 ||  2712
Block: Buckler           |       |       |     1 |   296 |   146 |       |       ||   443
       Reflection        |       |       |       |     1 |    34 |    56 |    48 ||   139
       Kite shield       |       |       |       |       |   852 |  1820 |  1356 ||  4028

Table legend: (Time is in decaauts)
 A = Elapsed time spent in this place.
 B = Non-inter-level travel time spent in this place.
 C = Inter-level travel time spent in this place.
 D = Time resting spent in this place.
 E = Time spent auto-exploring this place.
 F = Levels seen in this place.
 G = Mean time per level.
                   A        B        C        D        E       F      G
               +--------+--------+--------+--------+--------+-----+--------+
         Total |  79714 |  74028 |   5686 |  18650 |  39516 |  37 | 2154.4 |
       Dungeon |  28411 |  25411 |   3000 |   4432 |  16275 |  15 | 1894.1 |
          Lair |  15205 |  14626 |    579 |   3250 |   9312 |   6 | 2534.2 |
         Swamp |  11158 |  10016 |   1142 |   5059 |   3192 |   4 | 2789.5 |
   Spider Nest |   8937 |   8589 |    348 |   2407 |   4293 |   4 | 2234.2 |
  Orcish Mines |   2917 |   2514 |    403 |    300 |   1666 |   2 | 1458.5 |
        Vaults |   7887 |   7675 |    212 |   1735 |   4292 |   3 | 2629.0 |
         Abyss |   4317 |   4317 |      0 |   1162 |    353 |   2 | 2158.5 |
      Gauntlet |    878 |    878 |      0 |    303 |    132 |   1 |  878.0 |
               +--------+--------+--------+--------+--------+-----+--------+

Top non-repeatable levels by time:
 Swamp:3: 5707 daAuts
 Abyss:2: 4317 daAuts
Vaults:1: 4124 daAuts
  Lair:6: 3698 daAuts
Vaults:2: 3670 daAuts
    D:12: 3201 daAuts
    D:13: 2942 daAuts
  Lair:2: 2794 daAuts
Spider:1: 2606 daAuts
    D:11: 2550 daAuts
Spider:3: 2361 daAuts
  Lair:1: 2360 daAuts
  Lair:3: 2278 daAuts
 Swamp:2: 2275 daAuts
 Swamp:1: 2197 daAuts
